[ AOE2 MATCH · #506756302 ]
UnrankedMongols vs Slavs
Player's team · WIN
Rival team · LOSS
[ REPLAY ANALYSIS · EXTRACTED FROM THE RECORDED GAME ]
Feudal
10:34
Castle
22:01
Imperial
—
| APM avg | 30.3 |
| APM peak | 53 |
| eAPM avg | 15.5 |
| Villagers / military | 46 / 42 |
Focus
⚔️ 31.7% · 🌾 68.3%
Archer ×18 · Knight ×10 · Cavalry Archer ×8 · Militia ×3 · Scout Cavalry ×3
Feudal
9:20
Castle
22:00
Imperial
—
| APM avg | 68.5 |
| APM peak | 113 |
| eAPM avg | 30.7 |
| Villagers / military | 59 / 43 |
Focus
⚔️ 22.4% · 🌾 77.6%
Skirmisher ×19 · Spearman ×11 · Scorpion ×5 · Monk ×4 · Militia ×4
Match map
Initial resources + every placement click. Lines = walls · curves = elevation contours. ◆ gold · ⬟ stone · ● berries · ✦ relic · ◌ wall gap
Your base· Open — 8t gap
topito's base· Open — unwalled flank
Smoothed initial terrain · ◌ = detected wall gap · hover for details
Inputs per minute
— CapoT - - topito
Build order — CapoT
First 150 of 152 actions detected
| 0:01 | Queue | Villager (Male) |
| 0:01 | Queue | Villager (Male) |
| 0:02 | Build | House |
| 0:03 | Build | House |
| 0:28 | Queue | Villager (Male) |
| 0:29 | Queue | Villager (Male) |
| 0:29 | Queue | Villager (Male) |
| 1:16 | Queue | Villager (Male) |
| 1:44 | Build | Lumber Camp |
| 2:03 | Queue | Villager (Male) |
| 2:28 | Queue | Villager (Male) |
| 2:47 | Queue | Villager (Male) |
| 2:47 | Queue | Villager (Male) |
| 3:25 | Queue | Villager (Male) |
| 3:49 | Build | House |
| 4:02 | Queue | Villager (Male) |
| 4:19 | Queue | Villager (Male) |
| 4:33 | Build | Barracks |
| 4:51 | Build | House |
| 4:53 | Queue | Villager (Male) |
| 5:19 | Queue | Villager (Male) |
| 5:25 | Queue | Militia |
| 5:25 | Queue | Militia |
| 5:46 | Queue | Villager (Male) |
| 5:49 | Queue | Militia |
| 6:12 | Queue | Villager (Male) |
| 6:20 | Build | House |
| 6:23 | Queue | Villager (Male) |
| 6:46 | Build | Mill |
| 6:49 | Queue | Villager (Male) |
| 7:06 | Queue | Villager (Male) |
| 7:07 | Research | Loom |
| 7:14 | Build | Mining Camp |
| 8:24 | Research | Feudal Age |
| 9:01 | Build | House |
| 9:08 | Build | Farm |
| 9:10 | Build | Farm |
| 10:19 | Queue | Villager (Male) |
| 10:34 | Age | Feudal Age |
| 10:39 | Build | Archery Range |
| 10:41 | Build | Archery Range |
| 10:45 | Build | Blacksmith |
| 10:48 | Build | House |
| 10:51 | Queue | Villager (Male) |
| 10:56 | Research | Double-Bit Axe |
| 11:16 | Queue | Villager (Male) |
| 11:36 | Queue | Villager (Male) |
| 11:38 | Queue | Archer |
| 11:39 | Queue | Archer |
| 11:42 | Build | Farm |
| 11:49 | Build | Farm |
| 11:54 | Queue | Archer |
| 11:55 | Queue | Archer |
| 11:58 | Research | Fletching |
| 12:12 | Queue | Villager (Male) |
| 12:32 | Queue | Archer |
| 12:37 | Queue | Archer |
| 12:40 | Queue | Villager (Male) |
| 12:42 | Build | Farm |
| 13:07 | Build | Farm |
| 13:09 | Queue | Villager (Male) |
| 13:12 | Queue | Archer |
| 13:13 | Queue | Archer |
| 13:36 | Research | Padded Archer Armor |
| 13:39 | Build | Farm |
| 13:49 | Queue | Villager (Male) |
| 14:20 | Queue | Archer |
| 14:21 | Queue | Archer |
| 14:22 | Queue | Villager (Male) |
| 14:24 | Build | House |
| 14:29 | Build | House |
| 14:31 | Build | Palisade Wall |
| 14:36 | Build | Farm |
| 14:37 | Queue | Archer |
| 14:38 | Queue | Archer |
| 14:40 | Queue | Villager (Male) |
| 15:11 | Research | Horse Collar |
| 15:18 | Queue | Archer |
| 15:22 | Queue | Archer |
| 15:42 | Queue | Villager (Male) |
| 15:44 | Build | Farm |
| 15:47 | Build | Farm |
| 16:22 | Queue | Villager (Male) |
| 16:23 | Queue | Archer |
| 16:23 | Queue | Archer |
| 16:25 | Queue | Villager (Male) |
| 16:26 | Build | Farm |
| 17:24 | Queue | Villager (Male) |
| 17:26 | Build | Farm |
| 17:28 | Build | Farm |
| 17:31 | Build | Farm |
| 19:16 | Queue | Archer |
| 19:18 | Queue | Archer |
| 19:21 | Research | Castle Age |
| 19:24 | Build | Stable |
| 19:25 | Build | Stable |
| 19:36 | Build | Farm |
| 19:39 | Build | Farm |
| 20:06 | Build | House |
| 20:09 | Build | Palisade Wall |
| 20:09 | Build | Palisade Wall |
| 20:11 | Build | Palisade Wall |
| 20:16 | Build | House |
| 20:26 | Research | Bloodlines |
| 20:29 | Research | Scale Barding Armor |
| 20:33 | Build | House |
| 20:48 | Queue | Scout Cavalry |
| 20:49 | Queue | Scout Cavalry |
| 21:25 | Queue | Scout Cavalry |
| 21:58 | Research | Forging |
| 22:01 | Age | Castle Age |
| 22:04 | Queue | Knight |
| 22:05 | Queue | Knight |
| 22:09 | Build | Farm |
| 22:10 | Queue | Villager (Male) |
| 22:31 | Queue | Knight |
| 22:32 | Queue | Knight |
| 22:34 | Queue | Villager (Male) |
| 22:38 | Queue | Villager (Male) |
| 22:44 | Queue | Cavalry Archer |
| 22:45 | Queue | Cavalry Archer |
| 22:49 | Queue | Cavalry Archer |
| 22:50 | Queue | Cavalry Archer |
| 22:56 | Research | Gold Mining |
| 22:59 | Build | Farm |
| 23:01 | Queue | Villager (Male) |
| 24:31 | Queue | Knight |
| 24:32 | Queue | Knight |
| 24:32 | Queue | Cavalry Archer |
| 24:33 | Queue | Cavalry Archer |
| 24:43 | Queue | Villager (Male) |
| 24:46 | Queue | Villager (Male) |
| 24:53 | Build | Lumber Camp |
| 25:01 | Build | Market |
| 26:11 | Queue | Villager (Male) |
| 26:12 | Queue | Knight |
| 26:13 | Queue | Knight |
| 26:15 | Queue | Cavalry Archer |
| 26:15 | Queue | Cavalry Archer |
| 26:56 | Queue | Villager (Male) |
| 27:00 | Queue | Villager (Male) |
| 27:03 | Build | House |
| 27:07 | Queue | Villager (Male) |
| 27:09 | Build | Farm |
| 27:10 | Build | Farm |
| 27:22 | Research | Bodkin Arrow |
| 27:48 | Queue | Knight |
| 27:48 | Queue | Knight |
| 27:50 | Queue | Villager (Male) |
| 27:53 | Build | Stable |
Build order — topito
First 150 of 166 actions detected
| 0:00 | Queue | Villager (Male) |
| 0:01 | Queue | Villager (Male) |
| 0:01 | Queue | Villager (Male) |
| 0:02 | Build | House |
| 0:03 | Build | House |
| 0:08 | Queue | Villager (Male) |
| 1:13 | Queue | Villager (Male) |
| 1:45 | Queue | Villager (Male) |
| 1:45 | Queue | Villager (Male) |
| 1:56 | Build | House |
| 2:04 | Build | Lumber Camp |
| 2:22 | Queue | Villager (Male) |
| 2:22 | Queue | Villager (Male) |
| 2:41 | Queue | Villager (Male) |
| 2:41 | Queue | Villager (Male) |
| 3:10 | Queue | Villager (Male) |
| 3:10 | Queue | Villager (Male) |
| 3:32 | Queue | Villager (Male) |
| 4:05 | Build | House |
| 4:13 | Queue | Villager (Male) |
| 4:31 | Queue | Villager (Male) |
| 5:04 | Queue | Villager (Male) |
| 5:16 | Queue | Villager (Male) |
| 5:32 | Build | Barracks |
| 5:37 | Queue | Villager (Male) |
| 6:02 | Queue | Villager (Male) |
| 6:02 | Research | Loom |
| 6:31 | Build | House |
| 7:10 | Research | Feudal Age |
| 7:10 | Research | Feudal Age |
| 7:36 | Queue | Militia |
| 7:44 | Queue | Militia |
| 7:49 | Build | Palisade Wall |
| 7:50 | Build | Palisade Wall |
| 7:52 | Build | Palisade Wall |
| 8:51 | Build | Mining Camp |
| 9:20 | Age | Feudal Age |
| 9:47 | Queue | Militia |
| 9:57 | Queue | Villager (Male) |
| 9:57 | Queue | Villager (Male) |
| 10:01 | Build | Palisade Wall |
| 10:10 | Queue | Militia |
| 10:16 | Build | Mill |
| 10:21 | Research | Double-Bit Axe |
| 10:21 | Research | Double-Bit Axe |
| 11:04 | Build | Archery Range |
| 11:12 | Build | Farm |
| 11:13 | Build | Farm |
| 11:26 | Build | House |
| 11:27 | Build | Palisade Wall |
| 11:31 | Build | Palisade Wall |
| 11:35 | Queue | Villager (Male) |
| 11:35 | Queue | Villager (Male) |
| 11:54 | Build | Farm |
| 11:59 | Queue | Villager (Male) |
| 12:01 | Build | Farm |
| 12:02 | Build | Farm |
| 12:04 | Build | Farm |
| 12:15 | Build | Palisade Wall |
| 12:18 | Queue | Villager (Male) |
| 12:27 | Build | Farm |
| 12:32 | Queue | Skirmisher |
| 12:47 | Build | Palisade Wall |
| 12:52 | Build | Palisade Wall |
| 12:55 | Queue | Villager (Male) |
| 13:07 | Queue | Skirmisher |
| 13:07 | Queue | Skirmisher |
| 13:22 | Queue | Skirmisher |
| 13:29 | Queue | Villager (Male) |
| 13:29 | Queue | Villager (Male) |
| 13:45 | Queue | Skirmisher |
| 13:45 | Queue | Skirmisher |
| 13:51 | Queue | Villager (Male) |
| 14:13 | Build | Farm |
| 14:25 | Queue | Skirmisher |
| 14:28 | Queue | Villager (Male) |
| 14:35 | Build | Farm |
| 14:38 | Queue | Villager (Male) |
| 14:48 | Build | House |
| 14:49 | Build | House |
| 14:59 | Queue | Skirmisher |
| 15:06 | Queue | Villager (Male) |
| 15:11 | Queue | Skirmisher |
| 15:14 | Build | House |
| 15:26 | Queue | Skirmisher |
| 15:40 | Queue | Skirmisher |
| 15:42 | Build | Farm |
| 16:08 | Queue | Skirmisher |
| 16:08 | Queue | Skirmisher |
| 16:17 | Queue | Skirmisher |
| 16:32 | Build | Blacksmith |
| 16:38 | Build | Palisade Wall |
| 17:14 | Queue | Skirmisher |
| 17:14 | Queue | Skirmisher |
| 17:21 | Research | Fletching |
| 17:21 | Research | Fletching |
| 17:30 | Queue | Skirmisher |
| 17:36 | Queue | Villager (Male) |
| 17:36 | Queue | Villager (Male) |
| 18:02 | Queue | Skirmisher |
| 18:17 | Queue | Skirmisher |
| 18:33 | Build | Lumber Camp |
| 19:20 | Research | Castle Age |
| 19:54 | Build | Farm |
| 19:54 | Build | Farm |
| 20:44 | Build | Outpost |
| 21:48 | Queue | Spearman |
| 21:48 | Queue | Spearman |
| 22:00 | Age | Castle Age |
| 22:02 | Queue | Villager (Male) |
| 22:02 | Queue | Villager (Male) |
| 22:17 | Build | Town Center |
| 22:18 | Queue | Villager (Male) |
| 22:20 | Queue | Spearman |
| 22:20 | Queue | Spearman |
| 22:34 | Build | Monastery |
| 22:35 | Queue | Villager (Male) |
| 22:37 | Queue | Spearman |
| 22:37 | Queue | Spearman |
| 22:51 | Queue | Spearman |
| 22:51 | Queue | Spearman |
| 22:54 | Queue | Villager (Male) |
| 23:19 | Queue | Monk |
| 23:24 | Research | Pikeman (upgrade) |
| 23:25 | Research | Forging |
| 23:34 | Build | Farm |
| 24:00 | Queue | Monk |
| 24:11 | Build | House |
| 24:13 | Build | Palisade Wall |
| 24:14 | Build | House |
| 24:16 | Build | Palisade Wall |
| 24:28 | Queue | Spearman |
| 24:28 | Queue | Spearman |
| 24:39 | Queue | Villager (Male) |
| 24:40 | Queue | Villager (Male) |
| 24:44 | Queue | Spearman |
| 24:45 | Queue | Villager (Male) |
| 24:45 | Queue | Villager (Male) |
| 25:20 | Build | Farm |
| 25:22 | Queue | Villager (Male) |
| 25:22 | Queue | Villager (Male) |
| 25:27 | Build | Farm |
| 25:28 | Build | Farm |
| 25:29 | Build | Farm |
| 25:30 | Build | Farm |
| 25:42 | Queue | Monk |
| 25:55 | Build | Siege Workshop |
| 26:11 | Queue | Villager (Male) |
| 26:11 | Queue | Villager (Male) |
| 26:17 | Queue | Villager (Male) |
Match timeline
| 4:33 | CapoT · first_building Barracks |
| 5:32 | topito · first_building Barracks |
| 7:49 | topito · wall_segment Palisade Wall x1 |
| 7:50 | topito · wall_segment Palisade Wall x1 |
| 7:52 | topito · wall_segment Palisade Wall x1 |
| 9:20 | topito · age_up feudal |
| 10:01 | topito · wall_segment Palisade Wall x1 |
| 10:34 | CapoT · age_up feudal |
| 10:39 | CapoT · first_building Archery Range |
| 11:04 | topito · first_building Archery Range |
| 11:27 | topito · wall_segment Palisade Wall x1 |
| 11:31 | topito · wall_segment Palisade Wall x1 |
| 12:15 | topito · wall_segment Palisade Wall x8 |
| 12:47 | topito · wall_segment Palisade Wall x12 |
| 12:52 | topito · wall_segment Palisade Wall x1 |
| 14:31 | CapoT · wall_segment Palisade Wall x1 |
| 16:38 | topito · wall_segment Palisade Wall x1 |
| 19:24 | CapoT · first_building Stable |
| 20:09 | CapoT · wall_segment Palisade Wall x5 |
| 20:09 | CapoT · wall_segment Palisade Wall x4 |
| 20:11 | CapoT · wall_segment Palisade Wall x5 |
| 22:00 | topito · age_up castle |
| 22:01 | CapoT · age_up castle |
| 22:34 | topito · first_building Monastery |
| 24:13 | topito · wall_segment Palisade Wall x1 |
| 24:16 | topito · wall_segment Palisade Wall x1 |
| 25:55 | topito · first_building Siege Workshop |
| 28:40 | topito · resign |
[ AI ANALYSIS · 1 CREDIT ]
What really happened in this match?
Wolo.gg analyzes every decision: build order, eco, micro, common mistakes by bracket. Personalized analysis on WhatsApp or Discord in 30 seconds.
Civ guide
Mongols
Perfil
Jugador #4211768